woodfighter, chaotic female human Rogue --------- ---- ----------- --.......-- ------- ...-- |.......(.|#########-...---...| |.....| ....| |..........# |...| |...| |.....--# .....| |.*.......| ....| |..^| |....>.|# |.....| |.........| |...---...| #-.......f@a#B....?| ------.---- --.......-- #|.....--( -- ...| # # -.------- #|.....| # ---- ### ##### #------- # ### # # ### ####### ### # ------|---# # # |.........########################## # |........| ------------.-# |.(......| |}.}}}}}...}.-# |........| |}}}}}}}}}}}}| ---------- |}}}.}}}}}}<.| |...}.}..}}}}| -------------- woodfighter the Cutpurse Experience level: 4 Strength: 12 Dexterity: 17 Constitution: 15 Intelligence: 13 Wisdom: 11 Charisma: 10 Health: 0(24) Energy: 14(14) Def: 3 Gold: 0 Moves: 1865 Dungeon seed: rnT60whdj1oi1waC Game ID: woodfighter_1556378258 Your Inventory: Weapons a - a +0 short sword (weapon in hand) b - 10 +0 daggers (in quiver) Armor e - an uncursed +1 leather armor (being worn) n - an uncursed +0 cloak of invisibility r - a cursed +0 pair of speed boots z - an uncursed +0 robe Comestibles p - 3 uncursed sprigs of wolfsbane w - a cursed food ration x - a cursed sprig of wolfsbane Wands c - a cursed wand of enlightenment (0:12) h - a wand of opening (0:3) o - a cursed wand of light (0:11) q - a cursed wand of fire (0:5) u - a blessed wand of sleep (0:8) v - a cursed wand of cancellation (0:1) Y - a cursed wand of cancellation (0:1) Z - a cursed wand of polymorph (0:4) Tools s - an uncursed sack y - an uncursed lock pick D - an uncursed brass lantern (0:1296) E - a cursed wooden harp F - an uncursed magic whistle G - a blessed magic lamp W - an uncursed blindfold Contents of the sack: 750 gold pieces a [cursed] scroll of enchant armor 3 [uncursed] scrolls of enchant armor 4 [uncursed] scrolls of identify a [cursed] scroll of identify a [cursed] scroll of light a [blessed] scroll of light a [cursed] scroll of teleportation a [blessed] scroll of teleportation a [blessed] scroll of water a [cursed] spellbook of create monster a [cursed] spellbook of healing a [cursed] spellbook of light a [cursed] potion of booze a [uncursed] potion of hallucination 2 uncursed potions of sickness 2 [uncursed] potions of sleeping 9 potions of unholy water a [cursed] ring of free action a [uncursed] ring of teleport control 2 [uncursed] worthless pieces of red glass a [uncursed] worthless piece of yellow glass Spells and supernatural/magical abilities: Name Level Category Fail Memory W - pray for help -- divine ? -- Your skills at the end: Miscellaneous Skills wands [Basic] Weapon Skills dagger [Basic] short sword [Basic] Spellcasting Skills Final Attributes: You were piously aligned. You are dead. Vanquished creatures: 2 small mimics a rock piercer a floating eye a kitten a rothe a jitterbug an acid blob a large kobold 2 geckos a giant rat 3 brown molds a yellow mold a green mold a red mold 5 jackals a kobold 3 newts 7 grid bugs a lichen a kobold zombie 36 creatures vanquished. Voluntary challenges: You did not adorn yourself with jewelry or accessories. You did not cause conflict. You were not invisible. You did not have reflection. You were not displaced. You used a wielded weapon 49 times, starting on turn 144. You did not apply a unicorn horn. You did not use plumbed fixtures. You did not drink any magical draughts. You were illiterate. You never genocided any monsters. You never polymorphed an object. You never changed form. You used no wishes. You never split a pudding. You never wrote Elbereth's name. You never violated your personal moral code. Dungeon overview: The Dungeons of Doom: levels 1 to 6 Level 1 a long staircase Level 2 a fountain Level 3 an armor shop stairs to The Gnomish Mines Level 4 a scroll shop, some fountains, a sink Level 5 (bones + water) <- You were here Level 6 The Gnomish Mines: Level 4 stairs to The Dungeons of Doom History has recorded: On T:1 you entered the Dungeons of Doom to retrieve the Amulet of Yendor! On T:125 you reached level 2 of The Dungeons of Doom. On T:677 you reached level 3 of The Dungeons of Doom. On T:753 you reached level 4 of The Dungeons of Doom. On T:937 you advanced to experience level 2. On T:948 you reached level 1 of The Gnomish Mines. On T:1036 you advanced to experience level 3. On T:1308 you reached level 5 of The Dungeons of Doom. On T:1485 you advanced to experience level 4. On T:1776 you prayed to Kos. On T:1825 you reached level 6 of The Dungeons of Doom. Score breakdown: Gold: 750 ( 75 points) Experience: 4 levels ( 300 points) Exploration: 6 levels ( 150 points) Discoveries: 27 items ( 1350 points) Variety of kills: 20 monsters ( 1000 points) Major goal: (nothing yet) ( 0 points) Survival: died (score multiplied by 3) Total score: 8625 Latest messages: You put a glittering spellbook into the sack. You put a ragged spellbook into the sack. You put a dog eared spellbook into the sack. You see here a lamp. You have a little trouble lifting G - a lamp. There is a grave here. Something is engraved here on the headstone. You read: "woodfighter, killed by a rothe". There are several objects here. The door opens. The giant ant bites! (4x) You have a little trouble removing g - a scroll labeled EDEVESH HANAGASH. You have a little trouble removing i - a scroll labeled THARR. The giant ant bites! (3x) You drop a scroll labeled EDEVESH HANAGASH. You drop a scroll labeled THARR. The giant ant bites! You die... Final status: Goodbye woodfighter the Rogue, killed by a giant ant... You died in The Dungeons of Doom on dungeon level 5 with 8625 points, and 750 pieces of gold, after 1865 moves. You were level 4 with a maximum of 24 hit points when you died.